 Dungeon Crawl Stone Soup version 0.32-a0-705-g60f233581c (webtiles) character file.

Game seed: 9643208287270095268

673577 Rhade the Sorcerer (level 27, -13/204 HPs)
             Began as a Djinni Conjurer on Mar 14, 2024.
             Was the Champion of Makhleb.
             Mangled by Ignacio
             ... wielding a +6 executioner's axe of pain
              (16 damage)
             ... in Pandemonium on Mar 15, 2024.
             The game lasted 03:17:10 (25711 turns).

Rhade the Sorcerer (Djinni Conjurer)               Turns: 25711, Time: 03:17:10

Health: -13/204    AC: 15    Str:  8    XL:     27
Gold:   5782       EV: 25    Int: 33    God:    Makhleb [******] SH: 33 Dex: 28

rFire   + + +        Z - staff of Rotation {rF+ Int+2 Dex+2 Fire Ice Earth}
rCold   + . .        W - +8 tower shield {rC+}
rNeg    . . .        x - +3 troll leather armour
rPois   ∞            X - +2 helmet
rElec   +            Y - +2 cloak
rCorr   +            y - +2 pair of gloves {Dex+3}
SInv    .            (boots unavailable)
Will    ++...        P - amulet "Ruehoczum" {Regen+ Int+3}
Stlth   +++          a - ring of Retol {Fly rC+ Dex+7}
HPRegen 2.14/turn    S - ring "Muakkub" {Fly rElec rCorr Stlth+}
MPRegen 0.00/turn

%: infuse magic (-14 HP)
@: in a vortex, flying, studying 2 skills
A: sickness immunity, fire resistance 2, cold vulnerability 1, float, innate
caster, HP casting, extra vitality 1, inability to read after injury 1
}: 6/15 runes: serpentine, barnacled, silver, abyssal, demonic, fiery
a: Renounce Religion, Minor Destruction, Lesser Servant of Makhleb, Major
Destruction, Greater Servant of Makhleb


You were in Pandemonium.
You worshipped Makhleb.
Makhleb was exalted by your worship.
You visited 9 branches of the dungeon, and saw 43 of its levels.
You visited Pandemonium 1 time, and saw 8 of its levels.
You visited the Abyss 1 time.
You visited 1 bazaar.
You also visited: Sewer, Ossuary, Bailey, Wizlab and Desolation.

You collected 7700 gold pieces.
You spent 1918 gold pieces at shops.

Inventory:

Hand Weapons
 n - the +2 rapier "Irerahom" {freeze, Fly rN+ Int+4}
   (You found it in the Desolation of Salt)

   Int+4:     It affects your intelligence (+4).
   rN+:       It protects you from negative energy.
   Fly:       It grants you flight.
 r - the +6 sword of Cerebov {flame}
   (You took it off Cerebov in Pandemonium)
Armour
 x - a +3 troll leather armour (worn)
 y - a +2 pair of gloves of dexterity (worn)
 M - a +2 tower shield of protection
 W - a +8 tower shield of cold resistance (worn)
 X - a +2 helmet (worn)
 Y - a +2 cloak (worn)
Magical Staves
 F - a staff of death
 Q - a staff of cold
 Z - the staff of Rotation (weapon) {rF+ Int+2 Dex+2 Fire Ice Earth}
   (You found it in Pandemonium)

   [staff of fire]

   Base accuracy: +5 Base damage: 5 Base attack delay: 1.2 This weapon's minimum
   attack delay (0.6) is reached at skill level 12.
   Int+2:     It affects your intelligence (+2).
   Dex+2:     It affects your dexterity (+2).
   rF+:       It protects you from fire.
   Fire:      It increases the power of your Fire spells.
   Ice:       It increases the power of your Ice spells.
   Earth:     It increases the power of your Earth spells.
   It falls into the 'Staves' category.
   It is a one-handed weapon.
Jewellery
 a - the ring of Retol (left hand) {Fly rC+ Dex+7}
   (You found it in the Desolation of Salt)

   [ring of flight]

   Dex+7:     It affects your dexterity (+7).
   rC+:       It protects you from cold.
   Fly:       It grants you flight.
 P - the amulet "Ruehoczum" (around neck) {Regen+ Int+3}
   (You found it on level 5 of the Lair of Beasts)

   [amulet of regeneration]

   Int+3:     It affects your intelligence (+3).
   Regen+:    It increases your rate of health regeneration.
 S - the ring "Muakkub" (right hand) {Fly rElec rCorr Stlth+}
   (You took it off a deep elf pyromancer on level 3 of the Elven Halls)

   [ring of flight]

   rElec:     It insulates you from electricity.
   Fly:       It grants you flight.
   rCorr:     It protects you from acid and corrosion.
   Stlth+:    It makes you more stealthy.
Talismans
 A - the death talisman "Gausaab" {Str+2 Dex+2 Slay+2}
   (You found it in a wizard's laboratory)

   [talisman of death]

   Str+2:     It affects your strength (+2).
   Dex+2:     It affects your dexterity (+2).
   Slay+2:    It affects your accuracy & damage with ranged weapons and melee
   (+2).
Wands
 o - a wand of digging (10)
 p - a wand of iceblast (36)
 s - a wand of mindburst (58)
 t - a wand of polymorph (21)
 v - a wand of charming (51)
 J - a wand of light (5)
 O - a wand of flame (46)
Scrolls
 c - 4 scrolls of fear
 d - 4 scrolls of silence
 f - 23 scrolls of teleportation
 k - a scroll of blinking
 m - 8 scrolls of fog
 u - a scroll of brand weapon
 w - 10 scrolls of enchant weapon
 D - 8 scrolls of immolation
 E - 6 scrolls of poison
 K - 2 scrolls of revelation
 L - 15 scrolls of identify
 T - 3 scrolls of enchant armour
 U - 4 scrolls of summoning
Potions
 b - 6 potions of invisibility
 g - a potion of cancellation
 h - 7 potions of mutation
 j - 8 potions of heal wounds
 l - 18 potions of curing
 q - 2 potions of ambrosia
 z - 6 potions of haste
 B - 5 potions of might
 H - 5 potions of enlightenment
 N - 2 potions of brilliance
 V - 3 potions of attraction
Miscellaneous
 e - a phantom mirror
 i - a box of beasts
 G - a tin of tremorstones (1/2)
 R - a phial of floods (inert)


   Skills:
 - Level 19.6 Fighting
 - Level 16.7 Dodging
 - Level 1.5 Stealth
 - Level 20.7 Shields
 + Level 23.9 Spellcasting
 + Level 23.9 Conjurations
 + Level 23.9 Hexes
   Level 0.0 Charms
 + Level 23.9 Summonings
 + Level 23.9 Necromancy
 + Level 23.9 Translocations
   Level 0.0 Transmutations
 + Level 23.9 Fire Magic
 + Level 23.9 Ice Magic
 + Level 23.9 Air Magic
 + Level 23.9 Earth Magic
 + Level 23.9 Alchemy
 - Level 10.2 Evocations


You knew the following spells:

 Your Spells              Type           Power      Damage    Failure   Level
a - Magic Dart            Conj           100%       1d8       0%          1
b - Searing Ray           Conj           100%       2d8       0%          2
c - Fulminant Prism       Conj/Alch      57%        3d24      0%          4
d - Iskenderun's Mystic   Conj/Tloc      100%       2d19      0%          4
e - Shock                 Conj/Air       100%       1d9       0%          1
f - Blink                 Tloc           100%       N/A       0%          2
g - Volatile Blastmotes   Fire/Tloc      100%       2d18      0%          3
h - Ignite Poison         Fire/Alch      100%       N/A       0%          4
i - Summon Mana Viper     Hex/Summ       100%       N/A       0%          5
j - Borgnjor's Vile Clut  Necr/Erth      69%        N/A       0%          5
k - Sculpt Simulacrum     Ice/Alch       69%        N/A       1%          6
l - Summon Cactus Giant   Summ           57%        N/A       1%          6
m - Death Channel         Necr           57%        N/A       1%          6
n - Disjunction           Tloc           57%        N/A       1%          8
o - Ozocubu's Refrigerat  Ice            69%        4d22      1%          7
p - Dragon's Call         Summ           57%        N/A       16%         9
q - Polar Vortex          Ice            69%        12d9*     16%         9
Your spell library was empty.

Dungeon Overview and Level Annotations

Branches:
Dungeon (15/15)            Temple (1/1) D:4            Lair (5/5) D:9
 Shoals (4/4) Lair:2        Snake (4/4) Lair:3        Slime (0/5) Lair:4
    Orc (2/2) D:9             Elf (3/3) Orc:2        Vaults (5/5) D:14
  Crypt (0/3) Vaults:3     Depths (4/4) D:15            Zot (0/5) Depths:4
  Sewer (visited)         Ossuary (visited)          Bailey (visited)
 WizLab (visited)         Desolation (visited)

Altars:
Cheibriados
Dithmenos
Elyvilon
Fedhas
Gozag
Hepliaklqana
Makhleb
Okawaru
Qazlal
Ru
Trog
Uskayaw
Wu Jian
Yredelemnul
Zin
The Shining One
Beogh
Jiyva

Shops:
D:2 [   Orc:2 :[!=   Vaults:3 !(:   Depths:2 ?   Depths:4 ([

Portals:
Hell: Depths:3 Depths:4
Abyss: Depths:3 Depths:4
Pandemonium: Depths:1
Ziggurat: Depths:2

Annotations:
D:5 3 runed translucent doors, hattop's ghost, novice MDNe
Shoals:3 Mlioglotl
Pan Ignacio


Innate Abilities, Weirdness & Mutations

You are immune to sickness and miasma.
You are immune to poison.
Your flesh is very heat resistant. (rF++)
You are vulnerable to cold. (rC-)
You float through the air rather than walking.
You learn spells naturally, not from books.
Your magical power is your life essence.
You have superior vitality. (+4 MHP)
You occasionally lose the ability to read scrolls when taking damage.


Message History

Confirm with . or Enter, or press ? or * to list all spells.
You erupt in a blast of force!
The mystic blast hits Ignacio!!
Ignacio is moderately wounded.
Ignacio is knocked back by the mystic blast.
Casting: Iskenderun's Mystic Blast (safe; 0% risk of failure)
Confirm with . or Enter, or press ? or * to list all spells.
You feel a surge of power!
A great freezing vortex appears around you.
Ignacio gestures at you.
Your body is wracked with pain!
* * * LOW HITPOINT WARNING * * *
You block Ignacio's attack. x4
Unknown command.
Blink to where?
Press: ? - help, Dir - move target
As you read the scroll of blinking, it crumbles to dust.
You block Ignacio's attack. x3; Ignacio completely misses you.
Casting: Polar Vortex (dangerous; 16% risk of failure)
Confirm with . or Enter, or press ? or * to list all spells.
You erupt in a blast of force!
The mystic blast hits Ignacio!!
Ignacio is heavily wounded.
Ignacio is knocked back by the mystic blast.
* * * LOW HITPOINT WARNING * * *
Ignacio gestures at you. You resist with some effort. Ignacio gestures at you.
Your body is wracked with pain!
* * * LOW HITPOINT WARNING * * *
Casting: Iskenderun's Mystic Blast (safe; 0% risk of failure)
Confirm with . or Enter, or press ? or * to list all spells.
You erupt in a blast of force!
The mystic blast hits Ignacio!!
Ignacio is severely wounded.
Ignacio is knocked back by the mystic blast.
* * * LOW HITPOINT WARNING * * *
Ignacio hits you with a +6 executioner's axe of pain!
* * * LOW HITPOINT WARNING * * *
You writhe in agony.
* * * LOW HITPOINT WARNING * * *
Ignacio hits you with a +6 executioner's axe of pain!
You die...

....#....##...## ..
#..
#....#.....##....
##
#....#.....'.....
####'####...##.....
#§§§§§§§§...# ....
+§§§§§§§##.## ...
#§§§§§§§##.#
#§§§§§§§##'#
#§§§@§§§#...
#§§§1§§§#...
#§§§§§§§#....
####§#### ... ...
... ... .....


You could see Ignacio (fast).

Vanquished Creatures
  Cerebov (Pan)
  A dread lich (Depths:2)
  2 antique champions (WizLab)
  Vashnia (Snake:4)
  A golden dragon (Depths:4)
  2 pandemonium lords (Pan)
  2 bone dragons
  3 doom hounds (Depths:2)
  2 Brimstone Fiends (Pan)
  7 tentacled monstrosities
  Zenata (Vaults:3)
  A Tzitzimitl (Pan)
  Jorgrun (Shoals:3)
  A Hell Sentinel (Pan)
  2 liches (WizLab)
  Grunn (Depths:2)
  2 deep elf master archers (Elf:3)
  2 walking frostbound tomes (Pan)
  A deep elf blademaster (Elf:3)
  8 titans
  3 krakens
  9 sphinxes
  An ancient champion (WizLab)
  5 tentacled starspawn (Abyss:3)
  7 Executioners
  3 storm dragons
  5 shadow dragons (Vaults:5)
  4 tengu reavers
  Polyphemus (Shoals:4)
  7 nagarajas
  A draconian monk (Depths:4)
  Donald (Shoals:4)
  4 demonspawn warmongers (Pan)
  3 fire giants
  An iron dragon (Vaults:5)
  A draconian scorcher (Depths:4)
  9 frost giants
  5 deep elf sorcerers (Elf:3)
  13 balrugs (Pan)
  10 vault wardens
  4 deep elf elementalists
  3 cacodemons (Pan)
  An orc warlord (Vaults:3)
  2 angels (Vaults:4)
  4 ironbound preservers
  2 reapers
  4 demonspawn corrupters (Pan)
  2 ghouls (WizLab)
  4 spriggan defenders (Depths:2)
  5 demonspawn blood saints (Pan)
  2 formless jellyfish (Vaults:3)
  4 ironbound thunderhulks
  7 vampire knights
  9 stone giants
  6 very ugly things
  2 putrid mouths (Depths:2)
  A juggernaut skeleton (WizLab)
  A black draconian (Depths:4)
  2 deep elf death magi
  3 demonspawn black suns (Pan)
  2 halazid warlocks (Desolation)
  9 deep elf demonologists
  2 war gargoyles (Vaults:3)
  A starcursed mass (Abyss:3)
  8 deep elf annihilators
  3 lorocyprocas (Pan)
  5 dire elephants
  A red draconian (Depths:4)
  A green draconian (Depths:4)
  10 spark wasps (Depths:2)
  A yellow draconian (Depths:4)
  Snorg (Orc:1)
  A green death (Pan)
  8 ettins
  2 crystal guardians (Desolation)
  A fire dragon (Depths:4)
  7 merfolk javelineers
  11 blizzard demons (Pan)
  5 merfolk impalers
  6 jiangshi
  3 entropy weavers
  A nameless horror (Pan)
  2 spriggan zombies (Depths:2)
  3 ice dragons
  7 deep elf high priests
  2 great orbs of eyes
  7 yaktaur captains
  7 ragged hierophants (Desolation)
  11 peacekeepers
  4 hydras
  14 servants of whispers (Desolation)
  3 merfolk avatars
  26 vault guards
  A catoblepas (Shoals:4)
  2 ogre magi (Vaults:5)
  7 centaur warriors
  2 hell beasts (Pan)
  3 ironbound frosthearts
  4 boulder beetles
  3 spriggan air magi
  7 anacondas
  2 death knights (Vaults:3)
  8 satyrs
  19 dancing weapons
  4 demonic crawlers (Pan)
  2 two-headed ogres (D:13)
  4 merfolk aquamancers
  3 tengu warriors
  6 deep troll shamans
  6 vampire magi (Depths:2)
  5 deep troll earth magi
  5 death yaks
  2 occultists (Depths:3)
  7 spriggan berserkers
  A thrashing horror (Abyss:3)
  9 deep elf knights
  6 naga warriors
  5 soul eaters
  36 sun demons (Pan)
  16 shock serpents
  11 naga sharpshooters
  8 iron trolls
  5 skysharks
  Sonja (Orc:1)
  2 salamander mystics
  5 hell knights (Depths:3)
  2 wretched stars (Abyss:3)
  A storm dragon skeleton (WizLab)
  A spark wasp zombie (Depths:2)
  Lodul (D:14)
  A deep troll (shapeshifter) (Vaults:5)
  7 skeletal warriors (WizLab)
  14 sea snakes
  2 sea snakes (shapeshifter)
  4 sixfirhies (Pan)
  An arcanist (Vaults:2)
  A sun moth (Pan)
  2 shadow demons (Pan)
  18 deep trolls
  A spectral anaconda (Lair:5)
  A swamp dragon (Abyss:3)
  A glowing orange brain (Depths:3)
  8 mana vipers
  An orange crystal statue (Depths:1)
  8 flayed ghosts
  7 naga ritualists
  An obsidian statue (Lair:5)
  8 deep elf archers
  A mana viper (shapeshifter) (Vaults:5)
  A golden dragon zombie (WizLab)
  A golden dragon skeleton (Depths:3)
  3 lindwurms (Vaults:1)
  Pikel (D:4)
  A harpy (shapeshifter) (D:15)
  6 necromancers
  28 harpies
  9 phantasmal warriors
  13 orc knights
  10 ironbound convokers
  17 ugly things
  24 deep elf zephyrmancers
  16 fauns
  4 orc sorcerers (Orc:2)
  A salamander (shapeshifter) (Vaults:5)
  8 salamanders
  11 manticores
  29 deep elf pyromancers
  9 cyclopes
  A fire giant zombie (Depths:3)
  A moth of wrath (shapeshifter) (Depths:3)
  9 merfolk sirens
  3 rust devils (Pan)
  4 Executioner simulacra (Pan)
  A worldbinder (Abyss:3)
  3 water nymphs
  10 vault sentinels
  5 ice statues (Pan)
  3 kobold blastminers
  A black mamba (shapeshifter) (Depths:4)
  2 dire elephant zombies (Lair:5)
  16 elephants
  2 torpor snails
  12 naga magi
  An apocalypse crab (Abyss:3)
  7 smoke demons
  Joseph (D:7)
  32 black mambas
  12 cane toads
  9 guardian serpents
  4 orange demons (Pan)
  A molten gargoyle (Desolation)
  15 large abominations
  A torpor snail (shapeshifter) (Vaults:5)
  Maggie (D:7)
  A hellion (Pan)
  A dire elephant skeleton (Lair:5)
  A gargoyle (D:13)
  3 unseen horrors
  6 efreet (Pan)
  A kobold demonologist (D:12)
  Psyche (D:11)
  2 tormentors
  A freezing wraith (Vaults:3)
  23 yaktaurs
  7 ice devils (Pan)
  7 komodo dragons
  A tengu conjurer (Depths:3)
  6 rime drakes
  An ancient zyme (Abyss:3)
  4 red devils (Pan)
  8 hellwings (Pan)
  2 polar bears
  4 wind drakes
  4 trolls
  A wind drake (shapeshifter) (Depths:4)
  42 merfolk
  10 dream sheep
  2 hornets (Depths:1)
  8 snapping turtles
  80 saltlings (Desolation)
  20 blink frogs
  An iron dragon simulacrum (Depths:3)
  Prince Ribbit (D:7)
  A spectral elephant (Lair:5)
  A dream sheep (shapeshifter) (Vaults:5)
  19 slime creatures
  A centaur simulacrum (D:15)
  2 wraiths
  Sigmund (D:5)
  A culicivora (shapeshifter) (D:14)
  3 air elementals
  2 vampires
  21 water elementals
  2 spriggans (Depths:1)
  3 fire elementals
  46 yaks
  7 ynoxinuls (Pan)
  5 wyverns
  16 humans (D:14)
  A yak (shapeshifter) (D:15)
  A steam dragon (D:8)
  5 chaos spawn (Pan)
  3 basilisks
  10 wargs
  Menkaure (D:4)
  2 vampire mosquitoes (D:11)
  A neqoxec (Pan)
  40 nagas
  A spectral cane toad (Lair:5)
  Edmund (D:4)
  2 acid dragons
  11 water moccasins
  A swamp worm (shapeshifter) (Vaults:5)
  30 orc warriors
  Duvessa (D:7)
  2 sky beasts
  An ice beast (D:7)
  2 laughing skulls (D:13)
  A swamp dragon zombie (WizLab)
  2 elephant zombies (Lair:5)
  A boggart (Vaults:2)
  8 ogres
  17 wolves
  2 swamp dragon skeletons (WizLab)
  2 centaurs
  An elephant skeleton (Lair:5)
  2 lemures (D:4)
  3 phantoms
  7 bullfrogs
  A weeping skull (Ossuary)
  3 earth elementals
  A kobold brigand (D:9)
  A deep troll simulacrum (WizLab)
  4 scorpions
  A burial acolyte (Ossuary)
  9 wights (D:8)
  Dowan (D:7)
  A killer bee (D:9)
  A swamp dragon simulacrum (WizLab)
  An elephant simulacrum (Lair:5)
  3 howler monkeys
  7 electric eels
  2 centaur zombies (Ossuary)
  4 hounds
  2 jellies (D:6)
  3 bombardier beetles
  15 orc priests
  5 iguanas
  33 orc wizards
  A hell rat (Sewer)
  5 mummies (Ossuary)
  7 adders
  2 river rats (Sewer)
  2 shadow imps
  A white imp (D:7)
  2 ufetubi (D:6)
  An adder zombie (D:2)
  An adder skeleton (D:2)
  3 dart slugs
  2 ribbon worms (D:3)
  102 orcs
  8 ball pythons
  9 endoplasms
  3 giant cockroaches
  A gnoll zombie (Ossuary)
  11 hobgoblins
  A jackal (D:2)
  3 quokkas
  6 bats
  5 frilled lizards
  4 goblins
  11 kobolds
  2 kobold zombies (Ossuary)
  3 orc zombies (Ossuary)
  5 rats
  6 fire vortices (Pan)
  A fulminant prism (D:7)
  2 lurking horrors (Abyss:3)
  9 starspawn tentacles (Abyss:3)
  7 tentacles
1892 creatures vanquished.

Vanquished Creatures (collateral kills)
  A deep elf blademaster (Elf:3)
  A deep elf elementalist (Elf:3)
  A deep elf death mage (Elf:3)
  A deep elf annihilator (Elf:3)
  A deep elf demonologist (Elf:3)
  2 blizzard demons (Pan)
7 creatures vanquished.

Vanquished Creatures (others)
  A ragged hierophant (Desolation)
  A harpy (Vaults:3)
  72 fulminant prisms
  9 starspawn tentacles
  23 tentacles
106 creatures vanquished.

Grand Total: 2005 creatures vanquished

Notes
Turn   | Place    | Note
-------+----------+-------------------------------------------
     0 | D:1      | Rhade the Djinni Conjurer began the quest for the Orb.
     0 | D:1      | Rhade set off with the following spells memorised: Magic
                  | Dart, Searing Ray, Fulminant Prism, Iskenderun's Mystic
                  | Blast.
     0 | D:1      | Reached XP level 1. HP: 15/15 MP: 0/0
    95 | D:1      | Reached XP level 2. HP: 18/21 MP: 0/0
   351 | D:1      | Reached XP level 3. HP: 19/26 MP: 0/0
   351 | D:1      | Learned a level 1 spell: Shock
   481 | D:2      | Found a faded altar of an unknown god.
   526 | D:2      | Found Fouraun's Antique Armour Emporium.
   529 | D:2      | Reached XP level 4. HP: 29/31 MP: 0/0
   700 | D:3      | Reached skill level 1 in Fighting
   863 | D:3      | Noticed a scorpion
   870 | D:3      | Killed a scorpion
   871 | D:3      | Reached skill level 5 in Spellcasting
   871 | D:3      | Reached skill level 5 in Conjurations
   871 | D:3      | Reached skill level 5 in Hexes
   871 | D:3      | Reached skill level 5 in Summonings
   871 | D:3      | Reached skill level 5 in Necromancy
   871 | D:3      | Reached skill level 5 in Translocations
   871 | D:3      | Reached skill level 5 in Fire Magic
   871 | D:3      | Reached skill level 5 in Ice Magic
   871 | D:3      | Reached skill level 5 in Air Magic
   871 | D:3      | Reached skill level 5 in Earth Magic
   871 | D:3      | Reached skill level 5 in Alchemy
   871 | D:3      | Reached XP level 5. HP: 29/37 MP: 0/0
   871 | D:3      | Learned a level 2 spell: Blink
   987 | D:3      | Found a glowing drain.
  1007 | Sewer    | Entered a sewer
  1144 | Sewer    | Reached XP level 6. HP: 33/42 MP: 0/0
  1241 | D:4      | Noticed an ogre
  1252 | D:4      | Killed an ogre
  1545 | D:4      | Noticed Edmund
  1551 | D:4      | Killed Edmund
  1552 | D:4      | Reached skill level 1 in Evocations
  1552 | D:4      | Reached XP level 7. HP: 40/48 MP: 0/0
  1552 | D:4      | Learned a level 3 spell: Volatile Blastmotes
  1563 | D:4      | Noticed Menkaure
  1568 | D:4      | Killed Menkaure
  1570 | D:4      | Found a staircase to the Ecumenical Temple.
  1579 | Temple   | Entered the Ecumenical Temple
  1589 | Temple   | Became a worshipper of Makhleb the Destroyer
  1808 | D:5      | Entered Level 5 of the Dungeon
  1826 | D:5      | Reached XP level 8. HP: 38/54 MP: 0/0
  2064 | D:5      | Noticed Sigmund
  2069 | D:5      | Killed Sigmund
  2172 | D:5      | Found a runed translucent gate.
  2172 | D:5      | Found a runed translucent gate.
  2172 | D:5      | Found a runed translucent gate.
  2173 | D:5      | Noticed hattop's ghost (novice MDNe)
  2325 | D:6      | Noticed a troll
  2328 | D:6      | Killed a troll
  2331 | D:6      | Reached * piety under Makhleb
  2333 | D:6      | Reached XP level 9. HP: 47/63 MP: 0/0
  2333 | D:6      | Learned a level 4 spell: Ignite Poison
  2348 | D:6      | Reached skill level 5 in Fighting
  2812 | D:2      | Bought a pair of embroidered gloves for 172 gold pieces
  2883 | D:4      | Noticed Pikel
  2894 | D:4      | Killed Pikel
  3013 | D:7      | Noticed Joseph
  3037 | D:7      | Killed Joseph
  3038 | D:7      | Reached skill level 5 in Dodging
  3038 | D:7      | Reached XP level 10. HP: 17/76 MP: 0/0
  3084 | D:7      | Identified the +1 ring mail of Forking Paths {rPois rN+
                  | Will-}
  3107 | D:7      | Noticed Dowan
  3107 | D:7      | Noticed Duvessa
  3114 | D:7      | Killed Dowan
  3118 | D:7      | Killed Duvessa
  3188 | D:7      | Noticed Maggie
  3207 | D:7      | Killed Maggie
  3256 | D:7      | Found a sand-covered staircase.
  3267 | Ossuary  | Entered an ossuary
  3309 | Ossuary  | Reached ** piety under Makhleb
  3591 | D:7      | Noticed Prince Ribbit
  3592 | D:7      | Found a bloodstained altar of Trog.
  3595 | D:7      | Killed Prince Ribbit
  3794 | D:8      | Reached *** piety under Makhleb
  3871 | D:8      | Reached XP level 11. HP: 67/81 MP: 0/0
  3871 | D:8      | Learned a level 5 spell: Summon Mana Viper
  3929 | D:8      | Found a flagged portal.
  3938 | Bailey   | Entered a bailey
  4000 | Bailey   | Noticed an orc knight
  4039 | Bailey   | Killed an orc knight
  4040 | Bailey   | Reached skill level 10 in Spellcasting
  4040 | Bailey   | Reached skill level 10 in Conjurations
  4040 | Bailey   | Reached skill level 10 in Hexes
  4040 | Bailey   | Reached skill level 10 in Summonings
  4040 | Bailey   | Reached skill level 10 in Necromancy
  4040 | Bailey   | Reached skill level 10 in Translocations
  4040 | Bailey   | Reached skill level 10 in Fire Magic
  4040 | Bailey   | Reached skill level 10 in Ice Magic
  4040 | Bailey   | Reached skill level 10 in Air Magic
  4040 | Bailey   | Reached skill level 10 in Earth Magic
  4040 | Bailey   | Reached skill level 10 in Alchemy
  4132 | Bailey   | Found a large runed translucent door.
  4132 | Bailey   | Found a large runed translucent door.
  4133 | Bailey   | Noticed a deep elf pyromancer
  4177 | Bailey   | Killed a deep elf pyromancer
  4183 | Bailey   | Identified the +1 battleaxe of the Yoke {pain, ^Contam rC+
                  | rCorr}
  4429 | D:9      | Reached **** piety under Makhleb
  4534 | D:9      | Found a staircase to the Orcish Mines.
  4549 | D:9      | Found a roughly hewn altar of Beogh.
  4671 | D:9      | Found a staircase to the Lair.
  4672 | D:9      | Noticed a death yak
  4673 | D:9      | Noticed a death yak
  4690 | D:9      | Killed a death yak
  4692 | D:9      | Killed a death yak
  4693 | D:9      | Reached XP level 12. HP: 47/86 MP: 0/0
  4732 | Lair:1   | Entered Level 1 of the Lair of Beasts
  5062 | Lair:2   | Noticed a four-headed hydra
  5066 | Lair:2   | Killed a four-headed hydra
  5066 | Lair:2   | Reached ***** piety under Makhleb
  5143 | Lair:2   | Identified the +7 chain mail "Bicw" {Will+ Slay+2}
  5348 | Lair:2   | Found a staircase to the Shoals.
  5389 | Lair:2   | Found a burning altar of Makhleb.
  5652 | Lair:3   | Reached XP level 13. HP: 64/92 MP: 0/0
  5652 | Lair:3   | Learned a level 5 spell: Borgnjor's Vile Clutch
  5694 | Lair:3   | Found a staircase to the Snake Pit.
  5979 | Lair:4   | Noticed a five-headed hydra
  5985 | Lair:4   | Killed a five-headed hydra
  6127 | Lair:4   | Reached skill level 15 in Spellcasting
  6127 | Lair:4   | Reached skill level 15 in Conjurations
  6127 | Lair:4   | Reached skill level 15 in Hexes
  6127 | Lair:4   | Reached skill level 15 in Summonings
  6127 | Lair:4   | Reached skill level 15 in Necromancy
  6127 | Lair:4   | Reached skill level 15 in Translocations
  6127 | Lair:4   | Reached skill level 15 in Fire Magic
  6127 | Lair:4   | Reached skill level 15 in Ice Magic
  6127 | Lair:4   | Reached skill level 15 in Air Magic
  6127 | Lair:4   | Reached skill level 15 in Earth Magic
  6127 | Lair:4   | Reached skill level 15 in Alchemy
  6376 | Lair:4   | Found a staircase to the Slime Pits.
  6378 | Lair:4   | Found a viscous altar of Jiyva.
  6385 | Lair:4   | Noticed a six-headed hydra
  6392 | Lair:4   | Killed a six-headed hydra
  6482 | Lair:5   | Entered Level 5 of the Lair of Beasts
  6498 | Lair:5   | Reached ****** piety under Makhleb
  6503 | Lair:5   | Reached XP level 14. HP: 86/98 MP: 0/0
  6572 | Lair:5   | Noticed a dire elephant
  6572 | Lair:5   | Noticed a dire elephant
  6669 | Lair:5   | Identified the amulet "Ruehoczum" {Regen+ Int+3}
  6709 | Lair:5   | Killed a dire elephant
  6712 | Lair:5   | Killed a dire elephant
  6728 | Lair:5   | Got an earthy gem with 1740 turns to spare
  7132 | Lair:5   | Reached skill level 10 in Fighting
  7314 | Snake:1  | Entered Level 1 of the Snake Pit
  7576 | Snake:1  | Reached XP level 15. HP: 103/112 MP: 0/0
  7576 | Snake:1  | Learned a level 6 spell: Sculpt Simulacrum
  8080 | Snake:3  | Reached skill level 10 in Dodging
  8239 | Snake:4  | Entered Level 4 of the Snake Pit
  8359 | Snake:4  | Noticed a nagaraja
  8375 | Snake:4  | Killed a nagaraja
  8779 | Snake:4  | Noticed a nagaraja
  8792 | Snake:4  | Reached XP level 16. HP: 72/121 MP: 0/0
  8792 | Snake:4  | Killed a nagaraja
  8846 | Snake:4  | Noticed a nagaraja
  8853 | Snake:4  | Killed a nagaraja
  8868 | Snake:4  | Noticed a nagaraja
  8888 | Snake:4  | Noticed a nagaraja
  8889 | Snake:4  | Killed a nagaraja
  8890 | Snake:4  | Reached skill level 15 in Dodging
  8897 | Snake:4  | Killed a nagaraja
  9037 | Snake:4  | Got a jade gem with 665 turns to spare
  9051 | Snake:4  | Got a serpentine rune of Zot
  9068 | Snake:4  | Noticed Vashnia
  9080 | Snake:4  | Killed Vashnia
  9279 | Snake:2  | Noticed a nagaraja
  9289 | Snake:2  | Killed a nagaraja
  9378 | Snake:2  | Reached skill level 1 in Shields
  9594 | Snake:2  | Noticed a nagaraja
  9605 | Snake:2  | Killed a nagaraja
  9735 | Shoals:1 | Entered Level 1 of the Shoals
  9764 | Shoals:1 | Reached skill level 5 in Shields
  9785 | Shoals:1 | Reached XP level 17. HP: 107/126 MP: 0/0
  9785 | Shoals:1 | Learned a level 6 spell: Summon Cactus Giant
 10185 | Shoals:3 | Noticed Mlioglotl
 10187 | Shoals:3 | Noticed a tentacled starspawn
 10193 | Shoals:3 | Noticed a tentacled starspawn
 10252 | Shoals:3 | Noticed Jorgrun
 10264 | Shoals:3 | Killed Jorgrun
 10316 | Shoals:4 | Entered Level 4 of the Shoals
 10343 | Shoals:4 | Noticed Donald
 10355 | Shoals:4 | Killed Donald
 10365 | Shoals:4 | Reached skill level 10 in Shields
 10490 | Shoals:4 | Noticed a sphinx
 10490 | Shoals:4 | Noticed a sphinx
 10500 | Shoals:4 | Killed a sphinx
 10504 | Shoals:4 | Noticed Polyphemus
 10504 | Shoals:4 | Paralysed by a sphinx for 4 turns
 10511 | Shoals:4 | Killed a sphinx
 10512 | Shoals:4 | Reached XP level 18. HP: 51/132 MP: 0/0
 10523 | Shoals:4 | Killed Polyphemus
 10651 | Shoals:4 | Noticed a sphinx
 10656 | Shoals:4 | Paralysed by a sphinx for 3 turns
 10661 | Shoals:4 | Killed a sphinx
 10663 | Shoals:4 | Noticed a sphinx
 10665 | Shoals:4 | Got an azure gem with 869 turns to spare
 10674 | Shoals:4 | Killed a sphinx
 10935 | Shoals:4 | Got a barnacled rune of Zot
 11011 | Shoals:3 | Noticed a kraken
 11083 | Shoals:3 | Killed a kraken
 11638 | Shoals:1 | Noticed a kraken
 11650 | Shoals:1 | Killed a kraken
 11775 | Shoals:1 | Noticed a kraken
 11791 | Shoals:1 | Killed a kraken
 12011 | Orc:1    | Entered Level 1 of the Orcish Mines
 12019 | Orc:1    | Noticed Snorg
 12031 | Orc:1    | Killed Snorg
 12186 | Orc:1    | Noticed Sonja
 12196 | Orc:1    | Killed Sonja
 12296 | Orc:2    | Entered Level 2 of the Orcish Mines
 12392 | Orc:2    | Found Ihamy's Book Emporium.
 12394 | Orc:2    | Found Pishrin's Armour Shoppe.
 12424 | Orc:2    | Found a roughly hewn altar of Beogh.
 12459 | Orc:2    | Found Tyetorucs's Distillery.
 12471 | Orc:2    | Found Bucsuitt's Jewellery Shoppe.
 12546 | Orc:2    | Bought a +2 helmet for 214 gold pieces
 12546 | Orc:2    | Bought a +0 cloak for 58 gold pieces
 12584 | Orc:2    | Reached XP level 19. HP: 138/138 MP: 0/0
 12584 | Orc:2    | Learned a level 6 spell: Death Channel
 13258 | Orc:2    | Found a staircase to the Elven Halls.
 13273 | Elf:1    | Entered Level 1 of the Elven Halls
 13278 | Elf:1    | HP: 4/138 [deep elf zephyrmancer/bolt of lightning (18)]
 13454 | Elf:1    | Paralysed by an air elemental for 1 turns
 13479 | Elf:1    | Paralysed by an air elemental for 1 turns
 13966 | Elf:3    | Entered Level 3 of the Elven Halls
 14062 | Elf:3    | Paralysed by an air elemental for 1 turns
 14064 | Elf:3    | Paralysed by an air elemental for 1 turns
 14307 | Elf:3    | Noticed an Ice Fiend
 14320 | Elf:3    | Noticed a deep elf blademaster
 14320 | Elf:3    | Noticed a Brimstone Fiend
 14325 | Elf:3    | Killed a deep elf blademaster
 14462 | Elf:3    | Identified the +7 chain mail "Liwiah" {Fly}
 14462 | Elf:3    | Noticed a deep elf blademaster
 14472 | Elf:3    | Identified the amulet "Citosmoq" {Reflect Harm ^Fragile
                  | rElec SH+5}
 14473 | Elf:3    | Killed a deep elf blademaster
 14474 | Elf:3    | Identified the +4 scale mail "Measch" {+Blink Dex+4}
 14626 | Abyss:3  | Cast into level 3 of the Abyss (a deep elf demonologist)
 14669 | Abyss:3  | Reached XP level 20. HP: 92/144 MP: 0/0
 14759 | Abyss:3  | Got an abyssal rune of Zot
 14817 | Abyss:3  | Noticed a bone dragon
 14818 | Elf:3    | Escaped the Abyss
 14885 | Elf:3    | Identified the ring "Muakkub" {Fly rElec rCorr Stlth+}
 15102 | Elf:3    | Got a shimmering gem with 267 turns to spare
 15133 | Elf:3    | Identified the +0 sling of the Mauling Shark {antimagic,
                  | rN+ Will+ Str+2}
 15148 | Elf:3    | Identified the +3 morningstar "Sowk" {freeze, rF+ Int+3}
 15160 | Elf:3    | Identified the +0 scale mail "Goceg" {rPois}
 15177 | Elf:3    | Identified the amulet "Jyloh" {Reflect Harm rF+ rC+ Will-
                  | SH+5}
 15185 | Elf:3    | Identified the +6 flail of Accord {freeze, rElec rF+ Dex+4}
 15456 | Elf:2    | Found a runed translucent gate.
 15456 | Elf:2    | Found a runed translucent gate.
 15456 | Elf:2    | Found a runed translucent gate.
 15811 | D:10     | Entered Level 10 of the Dungeon
 15840 | D:10     | Found a stormy altar of Qazlal.
 15846 | D:10     | Found a blossoming altar of Fedhas.
 15867 | D:10     | Identified the amulet "Plog" {^Fragile rF++ RegenMP+ Str+5}
 16114 | D:11     | Noticed Psyche
 16122 | D:11     | Killed Psyche
 16972 | D:14     | Noticed Lodul
 16972 | D:14     | Found a gate to the Vaults.
 16984 | D:14     | Killed Lodul
 16993 | Vaults:1 | Entered Level 1 of the Vaults
 17112 | Vaults:1 | Reached XP level 21. HP: 113/149 MP: 0/0
 17112 | Vaults:1 | Learned a level 8 spell: Disjunction
 17784 | Vaults:3 | Found Haxkux's Antique Weapon Shop.
 17864 | Vaults:3 | Found Eboxtok's Book Boutique.
 17865 | Vaults:3 | Noticed Zenata
 17883 | Vaults:3 | Killed Zenata
 18001 | Vaults:3 | Found Vuib's Distillery.
 18004 | Vaults:3 | Bought a potion of heal wounds for 70 gold pieces
 18006 | Vaults:3 | Bought 2 potions of haste for 280 gold pieces
 18006 | Vaults:3 | Bought a potion of curing for 42 gold pieces
 18047 | Vaults:3 | Found a magical portal.
 18056 | WizLab   | Entered Zonguldrok's Shrine
 18267 | WizLab   | Noticed an antique champion
 18267 | WizLab   | Noticed an antique champion
 18281 | WizLab   | Killed an antique champion
 18285 | WizLab   | Killed an antique champion
 18286 | WizLab   | Reached XP level 22. HP: 78/156 MP: 0/0
 18321 | WizLab   | Identified the death talisman "Gausaab" {Str+2 Dex+2
                  | Slay+2}
 18336 | WizLab   | Identified the +0 shadow dragon scales of Vapsiteto
                  | {Rampage rC- Will- Str+6 Stlth++++}
 18341 | WizLab   | Identified the +9 crystal plate armour "Teyrexicw" {-Tele
                  | rC++ Regen+ Stlth+}
 18374 | Vaults:3 | Reached XP level 23. HP: 161/161 MP: 0/0
 18374 | Vaults:3 | Learned a level 7 spell: Ozocubu's Refrigeration
 18434 | Vaults:4 | Found a glowing golden altar of the Shining One.
 18434 | Vaults:4 | Found a glowing silver altar of Zin.
 18434 | Vaults:4 | Found a crumbling gateway.
 18446 | Vaults:4 | Found a white marble altar of Elyvilon.
 18478 | Desolati | Entered the Desolation of Salt
 18500 | Desolati | Identified the +11 battleaxe of the Unliving {holy, Fly rC-
                  | Str-3 Dex+8}
 18512 | Desolati | Reached skill level 15 in Shields
 18542 | Desolati | Identified the +0 robe "Vorecal" {rN+ Str+2}
 18624 | Desolati | Identified the quicksilver dragon scales "Zugeiwk" {rN+
                  | Will+ rCorr Dex-2}
 18894 | Desolati | Identified the ring of Retol {Fly rC+ Dex+7}
 18979 | Desolati | Identified the +2 rapier "Irerahom" {freeze, Fly rN+ Int+4}
 19034 | Desolati | Identified the +2 cloak "Noetyr" {Harm rPois rF-}
 19045 | Desolati | Identified the ring of Xeuwn {rCorr MP+9 Int+6 Stlth+}
 19169 | Vaults:5 | Entered Level 5 of the Vaults
 19213 | Vaults:5 | Reached XP level 24. HP: 151/167 MP: 0/0
 19658 | Vaults:5 | Got a silver rune of Zot
 19660 | Vaults:5 | Got a shining gem with 2062 turns to spare
 19680 | Vaults:5 | Identified the +4 scale mail "Vucualat" {Will+}
 20419 | D:15     | Entered Level 15 of the Dungeon
 20872 | D:15     | Found a staircase to the Depths.
 20886 | D:15     | Got a smoky gem with 3010 turns to spare
 20892 | Depths:1 | Entered Level 1 of the Depths
 20938 | Depths:1 | Found a one-way gate leading to the halls of Pandemonium.
 20975 | Depths:2 | Found a flickering gateway to a bazaar.
 20980 | Bazaar   | Entered a bazaar
 20996 | Bazaar   | Found Qantuhou's Magic Scroll Shop.
 21000 | Bazaar   | Bought 2 scrolls of summoning for 304 gold pieces
 21007 | Bazaar   | Found Hohuf's Distillery.
 21024 | Bazaar   | Found Agagoipno's Distillery.
 21042 | Bazaar   | Found Vetov's Magic Scroll Shop.
 21046 | Bazaar   | Bought 3 scrolls of enchant armour for 225 gold pieces
 21046 | Bazaar   | Bought a scroll of blinking for 75 gold pieces
 21046 | Bazaar   | Bought a scroll of teleportation for 30 gold pieces
 21046 | Bazaar   | Bought a scroll of teleportation for 30 gold pieces
 21046 | Bazaar   | Bought a scroll of summoning for 95 gold pieces
 21061 | Bazaar   | Bought a potion of heal wounds for 55 gold pieces
 21061 | Bazaar   | Bought a potion of mutation for 88 gold pieces
 21081 | Bazaar   | Bought a potion of curing for 39 gold pieces
 21096 | Depths:2 | Noticed Grunn
 21206 | Depths:2 | Reached XP level 25. HP: 173/177 MP: 0/0
 21206 | Depths:2 | Learned a level 9 spell: Dragon's Call
 21214 | Depths:2 | Reached skill level 15 in Fighting
 21265 | Depths:2 | Identified a scroll of acquirement
 21266 | Depths:2 | Acquired 705 gold pieces
 21315 | Depths:2 | Killed Grunn
 21373 | Depths:4 | Entered Level 4 of the Depths
 21439 | Depths:4 | Found a gateway to Hell.
 21486 | Depths:4 | Found a gate to the Realm of Zot.
 21521 | Depths:4 | Got a midnight gem with 2484 turns to spare
 21566 | Depths:4 | Found Boletzon's Armour Boutique.
 21576 | Depths:4 | Bought the +0 cloak of the Thief {Quiet Slay-3 SInv Stlth+}
                  | for 141 gold pieces
 21576 | Depths:4 | Found the +0 cloak of the Thief {Quiet Slay-3 SInv Stlth+}
 21576 | Depths:4 | Found Osopuguta's Weapon Shop.
 21778 | Depths:4 | Found a one-way gate to the infinite horrors of the Abyss.
 22312 | Depths:2 | Found a one-way gateway to a ziggurat.
 22356 | Depths:2 | Found Zoogiofu's Magic Scroll Shop.
 22594 | Depths:2 | Identified the +7 falchion "Demonbane" {freeze, rF+ Str+2}
 22623 | Depths:2 | Noticed a dread lich
 22637 | Depths:2 | Killed a dread lich
 22671 | Depths:2 | Reached XP level 26. HP: 152/197 MP: 0/0
 22759 | Depths:2 | Identified the staff of Parts Unknown {rElec Will+ Air}
 22995 | Depths:1 | Identified the ring "Kebroj Yfam" {Wiz ^Contam rElec rPois
                  | Str-3}
 23001 | Depths:1 | Identified the +3 war axe "Corre" {spect, Str+4}
 23094 | Pan      | Entered Pandemonium
 23094 | Pan      | Found an exit through the horrors of the Abyss.
 23315 | Pan      | Found a transporter.
 23315 | Pan      | Found a transporter.
 23363 | Pan      | Reached skill level 5 in Evocations
 23471 | Pan      | Noticed Qesm the pandemonium lord
 23789 | Pan      | Killed Qesm the pandemonium lord
 23811 | Pan      | HP: 1/196 [living spell/iceblast[a walking frostbound tome]
                  | (28)]
 23975 | Pan      | Got a demonic rune of Zot
 24173 | Pan      | Gained mutation: You occasionally lose the ability to read
                  | scrolls when taking damage. [a cacodemon]
 24177 | Pan      | Reached skill level 10 in Evocations
 24301 | Pan      | Noticed Healoll the pandemonium lord
 24333 | Pan      | Killed Healoll the pandemonium lord
 24923 | Pan      | Identified the ring of Woyp {rElec MP+9 Int+3 Stlth+}
 24947 | Pan      | Reached XP level 27. HP: 125/200 MP: 0/0
 24947 | Pan      | Learned a level 9 spell: Polar Vortex
 24970 | Pan      | Noticed Wyublir the pandemonium lord
 25083 | Pan      | Entered the realm of Cerebov.
 25254 | Pan      | Found the +6 sword of Cerebov {flame}
 25254 | Pan      | Noticed Cerebov
 25445 | Pan      | Killed Cerebov
 25454 | Pan      | Got a fiery rune of Zot
 25491 | Pan      | Identified the staff of Rotation {rF+ Int+2 Dex+2 Fire Ice
                  | Earth}
 25551 | Pan      | Identified the ring of Cynicism {*Slow rPois rC- Will+
                  | Str+8}
 25608 | Pan      | Identified the +1 scale mail of Lusyent {Int+4}
 25639 | Pan      | Identified the +1 ring mail "Ose Hun" {rF+ Slay+2 SInv}
 25703 | Pan      | Noticed Ignacio
 25711 | Pan      | HP: 6/204 [Ignacio/+6 executioner's axe of pain (12)]
 25711 | Pan      | Mangled by Ignacio

Illustrated notes

Levels and vault maps discovered:
D:1:      dpeg_arrival_pits, layout_loops_ring, minmay_misc_feat_hallway,
          minmay_distorted
D:2:      layout_rooms, ebering_ecumenical_altar_ruins, serial_undead,
          serial_undead_b, serial_undead_b, serial_undead_d, serial_undead_c,
          serial_undead_c, serial_undead_a, serial_shops,
          nicolae_shop_tiny_statue_garden, grunt_decor_mini_mirrors
D:3:      layout_basic, marbit_many_paths, old_standard_altar,
          cheibrodos_sewer_entry_bend, minmay_checkerbox
D:4:      layout_basic, minmay_temple_entry_grid, uniq_pikel, uniq_edmund,
          uniq_menkaure
D:5:      layout_basic, ebering_ghost_rock_garden, uniq_sigmund
D:6:      layout_cave_pools
D:7:      layout_loops_ring, lightli_temple_of_fire,
          mainiacjoe_ossuary_entry_dusty_tomb,
          nicolae_concentric_dashed_squares_wild, uniq_duvessa, uniq_maggie,
          uniq_joseph, uniq_prince_ribbit1
D:8:      layout_gridville, enter_bailey_6
D:9:      minmay_skewed_foursquare, layout_rooms, dpeg_lair_monsters,
          david_orc_5
D:10:     layout_irregular_city, grunt_temple_overflow_forces_of_nature,
          nemelex_xobeh_ov_fountains_minmay
D:11:     layout_loops_cross, uniq_psyche
D:12:     layout_loops_cross
D:13:     layout_cave_pools
D:14:     layout_roguey, david_vaults_3, nicolae_uskayaw_dance_hall
D:15:     grunt_enter_depths_snipers, layout_stronghold, corexii_hall_statues_l,
          chequers_jeans
Temple:   nicolae_temple_x_marks_the_god
Lair:1:   layout_chaotic_city
Lair:2:   layout_big_grid, shoals_dummy_entry, basic_altar
Lair:3:   beast_lair_carwin_large_2, layout_misc_corridors,
          minmay_snake_entry_spellcaster, serial_bayou_lake_a
Lair:4:   layout_cave_pods, slime_entry_1, beast_lair_carwin_11
Lair:5:   due_jungle_book, layout_cave_pods, grunt_forest_small_clearings,
          grunt_megastairs_4
Shoals:1: layout_shoals
Shoals:2: layout_shoals
Shoals:3: layout_shoals, nicolae_shoals_flooded_hall, uniq_mlioglotl,
          uniq_jorgrun
Shoals:4: shoals_end_hellmonk_lost_city, uniq_polyphemus, uniq_donald
Snake:1:  nicolae_snake_nest, layout_misc_corridors, nicolae_snake_bzzzt,
          serial_bayou_shore_b
Snake:2:  layout_concentric_octagons, st_stairs_13
Snake:3:  layout_honeycomb, nrook_loot_triangle
Snake:4:  johnstein_snake_rune_scales, layout_grid_shapes, lemuel_fruit_tree,
          serial_bayou_shore_b
Orc:1:    lemuel_ogre_cave, layout_caves, serial_shops, nicolae_shop_mannequins,
          uniq_snorg, uniq_urug, uniq_sonja
Orc:2:    st_orc_town, layout_diamond_mine, nicolae_orc_lava_tube,
          blackcustard_rock_pile
Elf:1:    minmay_elf_arrival_summoners, layout_rooms,
          nicolae_elf_theology_debate, lemuel_upstairs_altar
Elf:2:    elven_hall_of_blades_hangedman_original
          [nicolae_blade_entry_crossed_weapons], layout_gridlike,
          serial_library_hellmonk_hallway_b
Elf:3:    minmay_elf_hall_not_hex, layout_geoelf_castle, serial_shops, shop
Vaults:1: hangedman_vaults_slice, nicolae_vaults_octothorpe,
          hangedman_vaults_cutoff, ontoclasm_vaults_idyll,
          hangedman_vaults_stretched_pinwheel, hangedman_vaults_cutoff,
          vaults_room_ringed_pool, vaults_room_hangedman_quadrants,
          nicolae_vaults_cochlea, layout_vaults_omnigrid, serial_shops,
          nicolae_shop_tiny_real_fake_doors
Vaults:2: nicolae_vaults_closet_pinwheel_5, grunt_vaults_diagonal,
          nicolae_vaults_inception_scallops, nicolae_vaults_house_1, v_misc_27,
          vaults_room_corners, nicolae_vaults_little_squares_4,
          nicolae_vaults_offset_grid_hallway_1, nicolae_vaults_apartment_1,
          hangedman_vaults_nails, layout_vaults_omnibox, serial_shops,
          shop_fountains
Vaults:3: mu_enter_wizlab_3, ontoclasm_vaults_eye, nicolae_vaults_house_2,
          nicolae_vaults_wrenched, ontoclasm_vaults_ring_large,
          vaults_room_door_hall, hangedman_vaults_restitches,
          nicolae_vaults_asterisk, hangedman_vaults_corner_blocks,
          ontoclasm_vaults_chip, blue_anna_dwarven_crypt, nicolae_vaults_theta,
          vaults_room_fours, nicolae_vaults_rhombus_5, layout_vaults_maze_bifur,
          serial_shops, nicolae_shop_hallway_plus, nicolae_shop_tiny_glass,
          shop, nicolae_shop_real_fake_doors, uniq_zenata
Vaults:4: portal_desolation_entry_holy_temple, nicolae_vaults_tetromino_T_1,
          nicolae_vaults_sightless_eye, nicolae_vaults_trapezoid_2,
          st_spiral_rooms, ontoclasm_vaults_gateway, layout_vaults_big_room,
          uniq_frederick
Vaults:5
Depths:1: layout_gridlike, nicolae_eternal_life, hellmouth_1,
          rand_demon_pan_entry_5, minmay_protected_statue
Depths:2: bobbens_index_wilting_gardens, layout_basic, enter_ziggurat_f,
          serial_sigils_hangedman_quiver, abyss_entry_crystal,
          pf_vacation_house_of_asmodeus, pan_entry, serial_shops, freezing_bzr,
          nicolae_inconvenience_store, uniq_grunn
Depths:3: nicolae_cairo_tiling_large_dashed, layout_cave_pools, hell_entry,
          dk_noncrumbling_4, nicolae_abyss_entry_one_way_or_another,
          nicolae_concentric_dashed_squares_mild, kennysheep_just_a_vault
Depths:4: grunt_zot_entry_tricorne, layout_cave_shapes, hell_entry,
          hangedman_glass_teeth, grunt_pan_entry_sceptre, abyss_entry,
          minmay_shoptagon, serial_bayou_shore_b
Pan:      gammafunk_the_bubble [the_bubble_gammafunk_plus_minus],
          layout_pan_divisions_b [pan_division_quadrant_b3,
          pan_division_quadrant_b1, pan_division_quadrant_b1,
          pan_division_quadrant_b6], pan_blood_fountain_1, rand_demon_7,
          layout_rooms, nicolae_pan_cerebovesque_4, pan_blood_fountain_small,
          nicolae_pan_strange_glyphs [nicolae_pan_strange_glyph_humiliation,
          nicolae_pan_strange_glyph_disappointment,
          nicolae_pan_strange_glyph_spite], reaverb_pan_figure_eight,
          grunt_pan_frozen_over, layout_irregular_city,
          nicolae_pan_lom_lobonic_2, nicolae_pan_sigil_uleosi, rand_demon_1,
          layout_pan_divisions_a [pan_division_quadrant_a3,
          pan_division_quadrant_a3, pan_division_quadrant_a1,
          pan_division_quadrant_a6, pan_division_octagon_empty],
          nicolae_pan_lom_lobonic_1, reaverb_pan_chaos_star, rand_demon_8,
          layout_pan_divisions_b [pan_division_quadrant_b3,
          pan_division_quadrant_b6, pan_division_quadrant_b6,
          pan_division_quadrant_b3], nicolae_pan_sigil_eeng,
          pan_blood_fountain_small, rand_demon_5, layout_chambers,
          evilmike_mini_pan_T, layout_stronghold, cerebov,
          layout_pan_divisions_a [pan_division_quadrant_a4,
          pan_division_quadrant_a2, pan_division_quadrant_a3,
          pan_division_quadrant_a4, pan_division_octagon_box], uniq_ignacio

Skill      XL: |  1  2  3  4  5  6  7  8  9 10 11 12 13 14 15 16 17 18 19 20 21 22 23 24 25 26 |
---------------+-------------------------------------------------------------------------------+-----
Spellcasting   | 4 5 6 7 8 9 11 13 15 16 18 19 21 22 23 | 23.9
Conjurations   | 4 5 6 7 8 9 11 13 15 16 18 19 21 22 23 | 23.9
Hexes          | 4 5 6 7 8 9 11 13 15 16 18 19 21 22 23 | 23.9
Summonings     | 4 5 6 7 8 9 11 13 15 16 18 19 21 22 23 | 23.9
Necromancy     | 4 5 6 7 8 9 11 13 15 16 18 19 21 22 23 | 23.9
Translocations | 4 5 6 7 8 9 11 13 15 16 18 19 21 22 23 | 23.9
Fire Magic     | 4 5 6 7 8 9 11 13 15 16 18 19 21 22 23 | 23.9
Ice Magic      | 4 5 6 7 8 9 11 13 15 16 18 19 21 22 23 | 23.9
Air Magic      | 4 5 6 7 8 9 11 13 15 16 18 19 21 22 23 | 23.9
Earth Magic    | 4 5 6 7 8 9 11 13 15 16 18 19 21 22 23 | 23.9
Alchemy        | 4 5 6 7 8 9 11 13 15 16 18 19 21 22 23 | 23.9
Fighting       | 1 2 4 8 11 13 14 19 | 19.6
Evocations     | 1 10 | 10.2
Dodging        | 5 9 13 16 | 16.7
Shields        | 5 12 13 14 18 20 | 20.7
Stealth        | |  1.5

Action                     |  1- 3 |  4- 6 |  7- 9 | 10-12 | 13-15 | 16-18 | 19-21 | 22-24 | 25-27 || total
---------------------------+-------+-------+-------+-------+-------+-------+-------+-------+-------++-------
  Melee: Unarmed           |       |     3 |       |     1 |       |       |       |       |       ||     4
         Staff             |       |       |       |       |     4 |    24 |     6 |     7 |       ||    41
         Rapier            |       |       |       |       |       |       |       |     4 |    15 ||    19
   Cast: Magic Dart        |    51 |    71 |    21 |    12 |       |       |       |       |       ||   155
         Searing Ray       |     2 |    12 |    26 |    25 |     7 |     8 |       |       |       ||    80
         Iskenderun's Myst |       |     2 |    19 |   227 |   322 |   570 |   699 |   498 |   590 ||  2927
         Fulminant Prism   |       |       |     8 |    11 |    16 |    11 |     4 |     3 |    20 ||    73
         Borgnjor's Vile C |       |       |       |       |    67 |   131 |    94 |    30 |    44 ||   366
         Summon Cactus Gia |       |       |       |       |       |       |     5 |       |       ||     5
         Death Channel     |       |       |       |       |       |       |     2 |       |       ||     2
         Ozocubu's Refrige |       |       |       |       |       |       |       |   103 |   205 ||   308
         Polar Vortex      |       |       |       |       |       |       |       |       |     4 ||     4
  Evoke: Wand              |       |     3 |       |       |       |       |       |       |    18 ||    21
         Tin of tremorston |       |       |       |       |       |       |       |       |     2 ||     2
         Box of beasts     |       |       |       |       |       |       |       |       |     1 ||     1
         Phial of floods   |       |       |       |       |       |       |       |       |     1 ||     1
         Phantom mirror    |       |       |       |       |       |       |       |       |     1 ||     1
    Use: Scroll            |       |       |       |     8 |     5 |    10 |    18 |     4 |    12 ||    57
         Potion            |       |       |       |       |       |       |     5 |     4 |    10 ||    19
 Armour: Robe              |     9 |    12 |     6 |       |       |       |       |       |       ||    27
         Troll leather arm |       |       |    13 |    70 |   179 |   319 |   231 |    99 |   196 ||  1107
  Dodge: Dodged            |    11 |    23 |    11 |    40 |   107 |   210 |   113 |    79 |   139 ||   733
  Block: Kite shield       |       |       |       |       |       |    97 |       |       |       ||    97
         Tower shield      |       |       |       |       |       |   153 |   299 |   212 |   350 ||  1014

Table legend: (Time is in decaauts)
 A = Elapsed time spent in this place.
 B = Non-inter-level travel time spent in this place.
 C = Inter-level travel time spent in this place.
 D = Time resting spent in this place.
 E = Time spent auto-exploring this place.
 F = Levels seen in this place.
 G = Mean time per level.
                   A        B        C        D        E       F      G
               +--------+--------+--------+--------+--------+-----+--------+
         Total |  25741 |  23966 |   1775 |   1821 |     60 |  58 |  443.8 |
       Dungeon |   5996 |   5649 |    347 |    341 |      0 |  15 |  399.7 |
        Temple |     20 |     20 |      0 |      0 |      0 |   1 |   20.0 |
          Lair |   2759 |   2485 |    274 |      0 |      0 |   5 |  551.8 |
        Shoals |   2175 |   2053 |    122 |    200 |      0 |   4 |  543.8 |
     Snake Pit |   2373 |   2220 |    153 |    228 |      0 |   4 |  593.2 |
  Orcish Mines |   1393 |   1026 |    367 |    101 |      0 |   2 |  696.5 |
   Elven Halls |   2153 |   1984 |    169 |    194 |     60 |   3 |  717.7 |
        Vaults |   2280 |   2037 |    243 |     52 |      0 |   5 |  456.0 |
        Depths |   2092 |   1992 |    100 |    113 |      0 |   4 |  523.0 |
         Abyss |    192 |    192 |      0 |      6 |      0 |   1 |  192.0 |
   Pandemonium |   2599 |   2599 |      0 |    444 |      0 |   8 |  324.9 |
        Bazaar |    111 |    111 |      0 |      0 |      0 |   1 |  111.0 |
         Sewer |    154 |    154 |      0 |     99 |      0 |   1 |  154.0 |
       Ossuary |    188 |    188 |      0 |      0 |      0 |   1 |  188.0 |
        Bailey |    299 |    299 |      0 |     19 |      0 |   1 |  299.0 |
        Wizlab |    294 |    294 |      0 |     24 |      0 |   1 |  294.0 |
    Desolation |    654 |    654 |      0 |      0 |      0 |   1 |  654.0 |
               +--------+--------+--------+--------+--------+-----+--------+

Top non-repeatable levels by time:
   Elf:3: 1159 daAuts
   Orc:2: 1092 daAuts
 Snake:4: 892 daAuts
Vaults:5: 803 daAuts
  Lair:5: 763 daAuts
Depths:2: 761 daAuts
     D:5: 696 daAuts
Shoals:4: 690 daAuts
  Lair:4: 673 daAuts
Vaults:1: 658 daAuts
Desolation: 654 daAuts
     D:4: 633 daAuts
 Snake:3: 628 daAuts
Depths:4: 614 daAuts
   Elf:2: 608 daAuts
